3L
MONTANA PANDAS @ ROCKY MOUNTAIN NUGGETS
09/05/2032
 
TOP OF THE 1ST
Montana Pandas batting - Pitching for Rocky Mountain Nuggets : RHP Will Moore
Pitching: RHP Will Moore
Batting: RHB Chriss Mann 0-0: Called Strike
0-1: Called Strike
0-2: Ball
1-2: Foul Ball, location: 2F
1-2: Foul Ball, location: 2F
1-2: Ball
2-2: Ground out 5-3 (Groundball, 56)
Batting: RHB Miguel Márquez 0-0: Ball
1-0: Ball
2-0: Called Strike
2-1: Ground out 6-3 (Groundball, 6)
Batting: LHB Eric Ward 0-0: Ball
1-0: Foul Ball, location: 2F
1-1: Ball
2-1: Foul Ball, location: 2F
2-2: Foul Ball, location: 2F
2-2: Foul Ball, location: 2F
2-2: Foul Ball, location: 2F
2-2: Ball
3-2: Foul Ball, location: 2F
3-2: Base on Balls
Batting: LHB Tim Waters 0-0: Called Strike
0-1: Ball
1-1: Ball
2-1: Foul Ball, location: 2F
2-2: Fielders Choice at 2nd, 6-4 (Groundball, 6)
Top of the 1st over - 0 runs, 0 hits, 0 errors, 1 left on base; Montana 0 - Rocky Mountain 0
BOTTOM OF THE 1ST
Rocky Mountain Nuggets batting - Pitching for Montana Pandas : RHP David Hudson
Pitching: RHP David Hudson
Batting: RHB Manuel Becerra 0-0: Called Strike
0-1: Ball
1-1: Ball
2-1: Foul Ball, location: 2F
2-2: Ball
3-2: Foul Ball, location: 2F
3-2: Foul Ball, location: 2F
3-2: Fly out, F3 (Line Drive, 3L)
Batting: RHB John Burton 0-0: Called Strike
0-1: Called Strike
0-2: SINGLE (Groundball, 34S) (infield hit)
Batting: RHB Paco Muńóz 0-0: Called Strike
John Burton steals 2nd base
0-1: Swinging Strike
0-2: Fly out, F8 (Flyball, 78D)
Batting: RHB Wrangler Haresnape 0-0: Ball
1-0: Ball
2-0: SINGLE (Line Drive, 8RS)
John Burton to third
Runner from 3rd tries for Home, SAFE, throw made home
Batting: RHB Ed Adams 0-0: Called Strike
0-1: Called Strike
0-2: SINGLE (Groundball, 34D)
Wrangler Haresnape to second
Runner from 2nd tries for 3rd, SAFE, no throw
Batting: RHB Lúcio López 0-0: Fly out, F7 (Flyball, 78D)
Bottom of the 1st over - 1 run, 3 hits, 0 errors, 2 left on base; Montana 0 - Rocky Mountain 1
TOP OF THE 2ND
Montana Pandas batting - Pitching for Rocky Mountain Nuggets : RHP Will Moore
Batting: RHB Kumanosuke Abe 0-0: Ball
1-0: Foul Ball, location: 2F
1-1: Fly out, F7 (Flyball, 78D)
Batting: LHB Magali Lenidas 0-0: Foul Ball, location: 2F
0-1: Swinging Strike
0-2: Ball
1-2: Foul Ball, location: 2F
1-2: DOUBLE (Flyball, 8RXD)
Batting: LHB Eddie Flynn 0-0: Ball
1-0: Called Strike
1-1: Foul Ball, location: 2F
1-2: Foul Ball, location: 2F
1-2: Ball
2-2: Ball
3-2: SINGLE (Line Drive, 8RS)
Magali Lenidas to third
Runner from 3rd tries for Home, SAFE, no throw
Batting: RHB António Granados 0-0: Called Strike
0-1: Fielders Choice at 2nd, 4-6 (Groundball, 4)
Batting: LHB Albert González 0-0: Called Strike
0-1: Ball
1-1: Ground out 4-3 (Groundball, 4)
Top of the 2nd over - 1 run, 2 hits, 0 errors, 1 left on base; Montana 1 - Rocky Mountain 1
BOTTOM OF THE 2ND
Rocky Mountain Nuggets batting - Pitching for Montana Pandas : RHP David Hudson
Now at C: Sean MacKnight
Batting: RHB Hieu De 0-0: Ball
1-0: Called Strike
1-1: Foul Ball, location: 2F
1-2: Ball
2-2: Foul Ball, location: 2F
2-2: SINGLE (Popup, 3D)
Batting: RHB Jesús Ruano 0-0: Fly out, F8 (Flyball, 8RXD)
Batting: LHB John Brewer 0-0: Ball
1-0: Ball
2-0: Ball
3-0: Fly out, F8 (Line Drive, 89M)
Batting: RHB Manuel Becerra 0-0: SINGLE (Line Drive, 89S)
Hieu De to second
Runner from 2nd tries for 3rd, SAFE, throw made to third
Batting: RHB John Burton 0-0: TRIPLE (Line Drive, 9D)
Hieu De scores
Manuel Becerra scores
Batting: RHB Paco Muńóz 0-0: Foul Ball, location: 2F
0-1: Ball
1-1: Fly out, F7 (Flyball, 7S)
Bottom of the 2nd over - 2 runs, 3 hits, 0 errors, 1 left on base; Montana 1 - Rocky Mountain 3
TOP OF THE 3RD
Montana Pandas batting - Pitching for Rocky Mountain Nuggets : RHP Will Moore
Batting: RHB Chriss Mann 0-0: Foul Ball, location: 2F
0-1: Ball
1-1: Ball
2-1: Foul Ball, location: 2F
2-2: Foul Ball, location: 2F
2-2: Strikes out swinging
Batting: RHB Miguel Márquez 0-0: Called Strike
0-1: Foul Ball, location: 2F
0-2: Ball
1-2: Fly out, F9 (Flyball, 9S)
Batting: LHB Eric Ward 0-0: Ball
1-0: Ball
2-0: Called Strike
2-1: Foul Ball, location: 2F
2-2: Foul Ball, location: 2F
2-2: Ball
3-2: Foul Ball, location: 2F
3-2: Base on Balls
Batting: LHB Tim Waters 0-0: Foul Ball, location: 2F
0-1: Ball
1-1: Fielders Choice at 2nd, 6-4 (Groundball, 6)
Top of the 3rd over - 0 runs, 0 hits, 0 errors, 1 left on base; Montana 1 - Rocky Mountain 3
BOTTOM OF THE 3RD
Rocky Mountain Nuggets batting - Pitching for Montana Pandas : RHP David Hudson
Batting: RHB Wrangler Haresnape 0-0: Ground out 5-3 (Groundball, 56S)
Batting: RHB Ed Adams 0-0: Fly out, F9 (Flyball, 9D)
Batting: RHB Lúcio López 0-0: Fly out, F6 (Line Drive, 6)
Bottom of the 3rd over - 0 runs, 0 hits, 0 errors, 0 left on base; Montana 1 - Rocky Mountain 3
TOP OF THE 4TH
Montana Pandas batting - Pitching for Rocky Mountain Nuggets : RHP Will Moore
Batting: RHB Kumanosuke Abe 0-0: Called Strike
0-1: Ball
1-1: Ball
2-1: Foul Ball, location: 2F
2-2: Ball
3-2: DOUBLE (Flyball, 89D)
Batting: LHB Magali Lenidas 0-0: Swinging Strike
0-1: Ball
1-1: Swinging Strike
1-2: Foul Ball, location: 2F
1-2: Ball
2-2: Strikes out looking
Batting: RHB Sean MacKnight 0-0: Foul Ball, location: 2F
0-1: Foul Ball, location: 2F
0-2: Foul Ball, location: 2F
0-2: Fly out, F5 (Line Drive, 5S)
Batting: RHB António Granados 0-0: Ball
1-0: Called Strike
1-1: Fly out, F9 (Flyball, 9S)
Top of the 4th over - 0 runs, 1 hit, 0 errors, 1 left on base; Montana 1 - Rocky Mountain 3
BOTTOM OF THE 4TH
Rocky Mountain Nuggets batting - Pitching for Montana Pandas : RHP David Hudson
Batting: RHB Hieu De 0-0: Ball
1-0: Called Strike
1-1: SINGLE (Flyball, 89S)
Batting: RHB Jesús Ruano 0-0: Swinging Strike
0-1: Ball
1-1: Foul Ball, location: 2F
1-2: Foul Ball, location: 2F
1-2: Foul Ball, location: 2F
1-2: 2-RUN HOME RUN (Line Drive, 7LD), Distance : 357 ft
Batting: LHB John Brewer 0-0: Ball
1-0: Ball
2-0: Ground out 1-3 (Groundball, 13)
Batting: RHB Manuel Becerra 0-0: Ball
1-0: Swinging Strike
1-1: Ground out 5-3 (Groundball, 56)
Batting: RHB John Burton 0-0: Ball
1-0: Ground out 6-3 (Groundball, 6)
Bottom of the 4th over - 2 runs, 2 hits, 0 errors, 0 left on base; Montana 1 - Rocky Mountain 5
TOP OF THE 5TH
Montana Pandas batting - Pitching for Rocky Mountain Nuggets : RHP Will Moore
Batting: LHB Albert González 0-0: Called Strike
0-1: Ball
1-1: Ball
2-1: Ground out 6-3 (Groundball, 6)
Pitching: LHP Rafael Rivera
Batting: RHB Chriss Mann 0-0: Foul Ball, location: 2F
0-1: Fly out, F9 (Flyball, 9S)
Batting: RHB Miguel Márquez 0-0: Ball
1-0: Ball
2-0: Ball
3-0: Called Strike
3-1: Foul Ball, location: 2F
3-2: Strikes out swinging
Top of the 5th over - 0 runs, 0 hits, 0 errors, 0 left on base; Montana 1 - Rocky Mountain 5
BOTTOM OF THE 5TH
Rocky Mountain Nuggets batting - Pitching for Montana Pandas : RHP David Hudson
Batting: RHB Paco Muńóz 0-0: Swinging Strike
0-1: Ball
1-1: Ball
2-1: Ball
3-1: Foul Ball, location: 2F
3-2: Base on Balls
Batting: RHB Wrangler Haresnape 0-0: Called Strike
0-1: Ground out 5-3 (Groundball, 56S)
Paco Muńóz to second
Batting: RHB Ed Adams 0-0: Ball
1-0: Ground out 5-3 (Groundball, 56S)
Paco Muńóz to third
Batting: RHB Lúcio López 0-0: Called Strike
0-1: Fly out, F8 (Flyball, 8RM)
Bottom of the 5th over - 0 runs, 0 hits, 0 errors, 1 left on base; Montana 1 - Rocky Mountain 5
TOP OF THE 6TH
Montana Pandas batting - Pitching for Rocky Mountain Nuggets : LHP Rafael Rivera
Batting: LHB Eric Ward 0-0: Ball
1-0: Ball
2-0: Called Strike
2-1: Called Strike
2-2: Foul Ball, location: 2F
2-2: Ball
3-2: Base on Balls
Batting: LHB Tim Waters 0-0: Swinging Strike
0-1: Ball
1-1: Ball
2-1: Ball
3-1: Called Strike
3-2: Strikes out looking
Batting: RHB Kumanosuke Abe 0-0: Ball
1-0: Called Strike
1-1: Swinging Strike
1-2: Foul Ball, location: 2F
1-2: Strikes out looking
Batting: LHB Magali Lenidas 0-0: Ball
1-0: Ball
2-0: Called Strike
2-1: Foul Ball, location: 2F
2-2: Strikes out swinging
Top of the 6th over - 0 runs, 0 hits, 0 errors, 1 left on base; Montana 1 - Rocky Mountain 5
BOTTOM OF THE 6TH
Rocky Mountain Nuggets batting - Pitching for Montana Pandas : RHP David Hudson
Pitching: RHP Júlio Maes
Batting: RHB Hieu De 0-0: Called Strike
0-1: Ball
1-1: TRIPLE (Flyball, 8RXD)
Batting: RHB Jesús Ruano 0-0: Foul Ball, location: 2F
0-1: Ball
1-1: Fly out, F3 (Popup, 3F)
Batting: LHB John Brewer 0-0: Ball
1-0: Ball
2-0: Called Strike
2-1: Ball
3-1: Called Strike
3-2: Base on Balls
Batting: RHB Manuel Becerra 0-0: Ball
1-0: Foul Ball, location: 2F
1-1: Foul Ball, location: 2F
1-2: Ball
2-2: Ball
3-2: Fly out, F8 (Flyball, 8RS)
Batting: RHB John Burton 0-0: Swinging Strike
0-1: Ball
1-1: Swinging Strike
1-2: Strikes out swinging
Bottom of the 6th over - 0 runs, 1 hit, 0 errors, 2 left on base; Montana 1 - Rocky Mountain 5
TOP OF THE 7TH
Montana Pandas batting - Pitching for Rocky Mountain Nuggets : LHP Rafael Rivera
Now at 3B: Matt Sheppard
Batting: RHB Sean MacKnight 0-0: Called Strike
0-1: Ball
1-1: Ball
2-1: Ball
3-1: Swinging Strike
3-2: Strikes out swinging
Batting: RHB António Granados 0-0: Called Strike
0-1: Swinging Strike
0-2: Strikes out swinging
Batting: LHB Albert González 0-0: Called Strike
0-1: Ball
1-1: SINGLE (Line Drive, 56)
Batting: RHB Chriss Mann 0-0: Ball
1-0: Called Strike
1-1: Foul Ball, location: 2F
1-2: Strikes out swinging
Top of the 7th over - 0 runs, 1 hit, 0 errors, 1 left on base; Montana 1 - Rocky Mountain 5
BOTTOM OF THE 7TH
Rocky Mountain Nuggets batting - Pitching for Montana Pandas : RHP Júlio Maes
Batting: RHB Paco Muńóz 0-0: Called Strike
0-1: Ground out 6-3 (Groundball, 6)
Batting: RHB Wrangler Haresnape 0-0: DOUBLE (Line Drive, 8LD)
Batting: RHB Ed Adams 0-0: Ball
1-0: Called Strike
1-1: Fly out, F8 (Flyball, 8RXD)
Runner from 2nd tags up, SAFE at 3rd, no throw
Batting: RHB Lúcio López 0-0: Called Strike
0-1: Ball
1-1: Ball
2-1: Ball
3-1: SINGLE (Line Drive, 7)
Wrangler Haresnape scores
Batting: RHB Hieu De 0-0: Ball
1-0: Fly out, F3 (Popup, 34)
Bottom of the 7th over - 1 run, 2 hits, 0 errors, 1 left on base; Montana 1 - Rocky Mountain 6
TOP OF THE 8TH
Montana Pandas batting - Pitching for Rocky Mountain Nuggets : LHP Rafael Rivera
Batting: RHB Miguel Márquez 0-0: Ball
1-0: Ball
2-0: SINGLE (Groundball, 4S) (infield hit)
Pitching: RHP Jon King
Batting: LHB Eric Ward 0-0: Ball
1-0: Ball
2-0: Foul Ball, location: 2F
2-1: Ball
3-1: Foul Ball, location: 2F
3-2: Foul Ball, location: 2F
3-2: Fly out, F9 (Flyball, 9LM)
Batting: LHB Tim Waters 0-0: Ball
1-0: Fly out, F9 (Flyball, 9LS)
Batting: RHB Kumanosuke Abe 0-0: Ball
1-0: Ball
2-0: Ball
3-0: Swinging Strike
3-1: Base on Balls
Miguel Márquez to second
Batting: LHB Magali Lenidas 0-0: Ball
1-0: Ball
2-0: Called Strike
2-1: Ball
3-1: Swinging Strike
3-2: Strikes out swinging
Top of the 8th over - 0 runs, 1 hit, 0 errors, 2 left on base; Montana 1 - Rocky Mountain 6
BOTTOM OF THE 8TH
Rocky Mountain Nuggets batting - Pitching for Montana Pandas : RHP Júlio Maes
Batting: RHB Jesús Ruano 0-0: Called Strike
0-1: Foul Ball, location: 2F
0-2: Ball
1-2: Fly out, F6 (Flyball, 56D)
Batting: LHB John Brewer 0-0: DOUBLE (Line Drive, 8RD)
Batting: RHB Matt Sheppard 0-0: Foul Ball, location: 2F
0-1: Fly out, F9 (Flyball, 9D)
Runner from 2nd tags up, SAFE at 3rd with throw
Batting: RHB John Burton 0-0: Ball
1-0: Ball
2-0: Ball
3-0: Called Strike
3-1: Called Strike
3-2: Foul Ball, location: 2F
3-2: Foul Ball, location: 2F
3-2: Foul Ball, location: 2F
3-2: Foul Ball, location: 2F
3-2: Ground out 5-3 (Groundball, 5L)
Bottom of the 8th over - 0 runs, 1 hit, 0 errors, 1 left on base; Montana 1 - Rocky Mountain 6
TOP OF THE 9TH
Montana Pandas batting - Pitching for Rocky Mountain Nuggets : RHP Jon King
Batting: RHB Sean MacKnight 0-0: Called Strike
0-1: Swinging Strike
0-2: Foul Ball, location: 2F
0-2: Strikes out swinging
Batting: RHB António Granados 0-0: Ground out U3 (Groundball, 34S)
Batting: LHB Albert González 0-0: DOUBLE (Flyball, 89XD)
Batting: RHB Chriss Mann 0-0: Called Strike
0-1: Foul Ball, location: 2F
0-2: Ground out 5-3 (Groundball, 56)
Top of the 9th over - 0 runs, 1 hit, 0 errors, 1 left on base; Montana 1 - Rocky Mountain 6
Wednesday, September 19th, 2018 - OOTP Baseball 18.8 Build 76